| TOP OF THE 1ST |
|
Buffalo Bisons batting - Pitching for Rochester Red Wings : RHP Mike Moore
|
|
Pitching: RHP Mike Moore
|
|
|
Batting: RHB Carlos Matamoros
|
0-0: Ground out 4-3 (Groundball, 4, EV 82.5 MPH)
|
|
Batting: LHB Phillip Baskerville
|
0-0: Swinging Strike 0-1: Called Strike 0-2: Ball 1-2: Fly out, F8 (Flyball, 8LXD, EV 96.9 MPH)
|
|
Batting: SHB George D Wright
|
0-0: Fly out, F8 (Flyball, 78M, EV 87.5 MPH)
|
| Top of the 1st over - 0 runs, 0 hits, 0 errors, 0 left on base; Buffalo 0 - Rochester 0 |
| BOTTOM OF THE 1ST |
|
Rochester Red Wings batting - Pitching for Buffalo Bisons : RHP Alex Escano
|
|
Pitching: RHP Alex Escano
|
|
|
Batting: RHB Marty G Barrett
|
0-0: Fly out, F9 (Flyball, 9LD, EV 93.1 MPH)
|
|
Batting: LHB Ed Amelung
|
0-0: SINGLE (Groundball, 23, EV 90.0 MPH) (infield hit)
|
|
Batting: SHB Jordan Ayala
|
0-0: Called Strike 0-1: Ball 1-1: Ball 2-1: 2-RUN HOME RUN (Flyball, 9D, EV 106.9 MPH), Distance : 380 ft
|
|
Batting: RHB Gerry Davis
|
0-0: Ball 1-0: Foul Ball, location: 2F 1-1: Foul Ball, location: 2F 1-2: Ball 2-2: Strikes out swinging
|
|
Batting: RHB Pat Casey
|
0-0: Ball 1-0: DOUBLE (Groundball, 5L, EV 96.9 MPH)
|
|
Batting: RHB Chris Johnston
|
0-0: Ball 1-0: Ball 2-0: Ground out 5-3 (Groundball, 5, EV 97.5 MPH)
|
| Bottom of the 1st over - 2 runs, 3 hits, 0 errors, 1 left on base; Buffalo 0 - Rochester 2 |
| TOP OF THE 2ND |
|
Buffalo Bisons batting - Pitching for Rochester Red Wings : RHP Mike Moore
|
|
Batting: LHB Gary Rajsich
|
0-0: Ball 1-0: Ball 2-0: Foul Ball, location: 2F 2-1: DOUBLE (Flyball, 3D, EV 99.4 MPH)
|
|
Batting: RHB Bill Bathe
|
0-0: Foul Ball, location: 2F 0-1: Called Strike 0-2: Strikes out looking
|
|
Batting: RHB John Seefried
|
0-0: Fly out, F3 (Popup, 34, EV 65.6 MPH)
|
|
Batting: LHB Bob Skube
|
0-0: Ground out U3 (Groundball, 3, EV 86.9 MPH)
|
| Top of the 2nd over - 0 runs, 1 hit, 0 errors, 1 left on base; Buffalo 0 - Rochester 2 |
| BOTTOM OF THE 2ND |
|
Rochester Red Wings batting - Pitching for Buffalo Bisons : RHP Alex Escano
|
|
Batting: LHB Dave Falcone
|
0-0: Swinging Strike 0-1: Fly out, F8 (Flyball, 8LS, EV 89.4 MPH)
|
|
Batting: RHB Tom Brookens
|
0-0: Foul Ball, location: 2F 0-1: Swinging Strike 0-2: Ball 1-2: Foul Ball, location: 2F 1-2: Ground out 5-3 (Groundball, 56, EV 96.3 MPH)
|
|
Batting: RHB Jerry Dybzinski
|
0-0: Ball 1-0: Fly out, F8 (Flyball, 8RD, EV 88.1 MPH)
|
| Bottom of the 2nd over - 0 runs, 0 hits, 0 errors, 0 left on base; Buffalo 0 - Rochester 2 |
| TOP OF THE 3RD |
|
Buffalo Bisons batting - Pitching for Rochester Red Wings : RHP Mike Moore
|
|
Batting: RHB Pat Keedy
|
0-0: Ball 1-0: Called Strike 1-1: Fly out, F4 (Popup, 3S, EV 81.3 MPH)
|
|
Batting: RHB Nicholas Kintz
|
0-0: Ball 1-0: SINGLE (Line Drive, 7S, EV 93.1 MPH)
|
|
Batting: RHB Carlos Matamoros
|
0-0: Ball 1-0: Foul Ball, location: 2F 1-1: Swinging Strike 1-2: Ball 2-2: Ball 3-2: DOUBLE (Flyball, 89D, EV 95.6 MPH) Nicholas Kintz to third Runner from 3rd tries for Home, SAFE, throw by CF to home
|
|
Batting: LHB Phillip Baskerville
|
0-0: Called Strike 0-1: Fly out, F6 (Popup, 6D, EV 58.8 MPH)
|
|
Batting: SHB George D Wright
|
0-0: Ground out 1-3 (Groundball, P, EV 60.6 MPH)
|
| Top of the 3rd over - 1 run, 2 hits, 0 errors, 1 left on base; Buffalo 1 - Rochester 2 |
| BOTTOM OF THE 3RD |
|
Rochester Red Wings batting - Pitching for Buffalo Bisons : RHP Alex Escano
|
|
Batting: RHB Marty G Barrett
|
0-0: Ground out 6-3 (Groundball, 6, EV 104.4 MPH)
|
|
Batting: LHB Ed Amelung
|
0-0: Fly out, F7 (Flyball, 7LS, EV 86.3 MPH)
|
|
Batting: SHB Jordan Ayala
|
0-0: Called Strike 0-1: Called Strike 0-2: Fly out, F3 (Line Drive, 3, EV 69.4 MPH)
|
| Bottom of the 3rd over - 0 runs, 0 hits, 0 errors, 0 left on base; Buffalo 1 - Rochester 2 |
| TOP OF THE 4TH |
|
Buffalo Bisons batting - Pitching for Rochester Red Wings : RHP Mike Moore
|
|
Batting: LHB Gary Rajsich
|
0-0: Ball 1-0: SOLO HOME RUN (Flyball, 78XD, EV 111.3 MPH), Distance : 408 ft
|
|
Batting: RHB Bill Bathe
|
0-0: Fly out, F7 (Flyball, 7, EV 85.6 MPH)
|
|
Batting: RHB John Seefried
|
0-0: SINGLE (Groundball, P, EV 81.3 MPH) (infield hit)
|
|
Batting: LHB Bob Skube
|
0-0: Ball 1-0: Ball 2-0: Called Strike 2-1: Reached on error, E1 (Groundball, 13S, EV 71.9 MPH) John Seefried to second
|
|
Batting: RHB Pat Keedy
|
0-0: Called Strike 0-1: Ball 1-1: Fielders Choice at 2nd, 1-6 (Groundball, 34S, EV 69.4 MPH) John Seefried to third
|
|
Batting: RHB Nicholas Kintz
|
0-0: Foul Ball, location: 2F 0-1: Fly out, F8 (Flyball, 89S, EV 84.4 MPH)
|
| Top of the 4th over - 1 run, 2 hits, 1 error, 2 left on base; Buffalo 2 - Rochester 2 |
| BOTTOM OF THE 4TH |
|
Rochester Red Wings batting - Pitching for Buffalo Bisons : RHP Alex Escano
|
|
Batting: RHB Gerry Davis
|
0-0: Swinging Strike 0-1: Ball 1-1: Ball 2-1: Ground out 6-3 (Groundball, 56, EV 89.4 MPH)
|
|
Batting: RHB Pat Casey
|
0-0: Called Strike 0-1: Ball 1-1: Foul Ball, location: 2F 1-2: Ball 2-2: Ball 3-2: Strikes out swinging
|
|
Batting: RHB Chris Johnston
|
0-0: Called Strike 0-1: Foul Ball, location: 2F 0-2: Strikes out swinging
|
| Bottom of the 4th over - 0 runs, 0 hits, 0 errors, 0 left on base; Buffalo 2 - Rochester 2 |
| TOP OF THE 5TH |
|
Buffalo Bisons batting - Pitching for Rochester Red Wings : RHP Mike Moore
|
|
Batting: RHB Carlos Matamoros
|
0-0: Ball 1-0: Ground out 1-3 (Groundball, 13S, EV 68.8 MPH)
|
|
Batting: LHB Phillip Baskerville
|
0-0: Called Strike 0-1: Foul Ball, location: 2F 0-2: Foul Ball, location: 2F 0-2: Ball 1-2: Strikes out swinging
|
|
Batting: SHB George D Wright
|
0-0: Called Strike 0-1: Ground out 5-3 (Groundball, 5, EV 103.1 MPH)
|
| Top of the 5th over - 0 runs, 0 hits, 0 errors, 0 left on base; Buffalo 2 - Rochester 2 |
| BOTTOM OF THE 5TH |
|
Rochester Red Wings batting - Pitching for Buffalo Bisons : RHP Alex Escano
|
|
Batting: LHB Dave Falcone
|
0-0: Ball 1-0: Called Strike 1-1: Ball 2-1: DOUBLE (Line Drive, 7LM, EV 99.4 MPH)
|
|
Batting: RHB Tom Brookens
|
0-0: Ball 1-0: Called Strike 1-1: Ball 2-1: Swinging Strike 2-2: Strikes out swinging
|
|
Batting: RHB Jerry Dybzinski
|
0-0: Called Strike 0-1: Ball 1-1: Ball 2-1: Called Strike 2-2: Strikes out swinging
|
|
Batting: RHB Marty G Barrett
|
0-0: Ground out 6-3 (Groundball, 6, EV 104.4 MPH)
|
| Bottom of the 5th over - 0 runs, 1 hit, 0 errors, 1 left on base; Buffalo 2 - Rochester 2 |
| TOP OF THE 6TH |
|
Buffalo Bisons batting - Pitching for Rochester Red Wings : RHP Mike Moore
|
|
Batting: LHB Gary Rajsich
|
0-0: Called Strike 0-1: Swinging Strike 0-2: Ball 1-2: Strikes out looking
|
|
Batting: RHB Bill Bathe
|
0-0: Foul Ball, location: 2F 0-1: Foul Ball, location: 2F 0-2: Ball 1-2: Ball 2-2: Ground out 6-3 (Groundball, 6, EV 108.8 MPH)
|
|
Batting: RHB John Seefried
|
0-0: Foul Ball, location: 2F 0-1: Swinging Strike 0-2: Ball 1-2: Foul Ball, location: 2F 1-2: Ground out 6-3 (Groundball, 6, EV 104.4 MPH)
|
| Top of the 6th over - 0 runs, 0 hits, 0 errors, 0 left on base; Buffalo 2 - Rochester 2 |
| BOTTOM OF THE 6TH |
|
Rochester Red Wings batting - Pitching for Buffalo Bisons : RHP Alex Escano
|
|
Batting: LHB Ed Amelung
|
0-0: Called Strike 0-1: Reached on error, E4 (Groundball, 4, EV 92.5 MPH)
|
|
Batting: SHB Jordan Ayala
|
0-0: Ball 1-0: Called Strike 1-1: Ball 2-1: Fielders Choice at 2nd, 6-4 (Groundball, 6, EV 93.8 MPH)
|
|
Batting: RHB Gerry Davis
|
0-0: Ball 1-0: Called Strike 1-1: Ball 2-1: Grounds into double play, 4-6-3 (Groundball, 34, EV 85.0 MPH)
|
| Bottom of the 6th over - 0 runs, 0 hits, 1 error, 0 left on base; Buffalo 2 - Rochester 2 |
| TOP OF THE 7TH |
|
Buffalo Bisons batting - Pitching for Rochester Red Wings : RHP Mike Moore
|
|
Batting: LHB Bob Skube
|
0-0: Ball 1-0: Called Strike 1-1: Ground out 5-3 (Groundball, 5, EV 100.0 MPH)
|
|
Batting: RHB Pat Keedy
|
0-0: Swinging Strike 0-1: Ground out 4-3 (Groundball, 4, EV 95.6 MPH)
|
|
Batting: RHB Nicholas Kintz
|
0-0: Reached on error, E6 (Groundball, 6, EV 88.8 MPH)
|
|
Batting: RHB Carlos Matamoros
|
0-0: Ball 1-0: Ball 2-0: Ball 3-0: Called Strike 3-1: Foul Ball, location: 2F 3-2: Base on Balls
|
|
Batting: LHB Phillip Baskerville
|
0-0: Foul Ball, location: 2F 0-1: Swinging Strike 0-2: Foul Ball, location: 2F 0-2: Ball 1-2: Ball 2-2: Foul Ball, location: 2F 2-2: Ball 3-2: Fly out, F3 (Popup, 34S, EV 71.3 MPH)
|
| Top of the 7th over - 0 runs, 0 hits, 1 error, 2 left on base; Buffalo 2 - Rochester 2 |
| BOTTOM OF THE 7TH |
|
Rochester Red Wings batting - Pitching for Buffalo Bisons : RHP Alex Escano
|
|
Batting: RHB Pat Casey
|
0-0: Called Strike 0-1: SINGLE (Groundball, 6, EV 96.9 MPH)
|
|
Batting: RHB Chris Johnston
|
0-0: Ball 1-0: Ball 2-0: Fly out, F4 (Flyball, 3D, EV 95.6 MPH)
|
|
Batting: LHB Dave Falcone
|
0-0: Ball 1-0: Ball 2-0: Called Strike 2-1: Foul Ball, location: 2F 2-2: Foul Ball, location: 2F 2-2: Foul Ball, location: 2F 2-2: Foul Ball, location: 2F 2-2: Foul Ball, location: 2F 2-2: Ball 3-2: Base on Balls Pat Casey to second
|
|
Batting: RHB Tom Brookens
|
0-0: Ball 1-0: Ball 2-0: Ball 3-0: Called Strike 3-1: Grounds into double play, 6-4-3 (Groundball, 6, EV 109.4 MPH)
|
| Bottom of the 7th over - 0 runs, 1 hit, 0 errors, 1 left on base; Buffalo 2 - Rochester 2 |
| TOP OF THE 8TH |
|
Buffalo Bisons batting - Pitching for Rochester Red Wings : RHP Mike Moore
|
|
Batting: SHB George D Wright
|
0-0: DOUBLE (Flyball, 8LXD, EV 101.3 MPH)
|
|
Batting: LHB Gary Rajsich
|
0-0: Intentional Walk
|
|
Batting: RHB Bill Bathe
|
0-0: Called Strike 0-1: Ball George D Wright steals 3rd, throwing error, E2 George D Wright scores Gary Rajsich to third 1-1: Ball 2-1: Called Strike 2-2: Strikes out swinging
|
|
Batting: RHB John Seefried
|
0-0: Ball 1-0: Foul Ball, location: 2F 1-1: Ground out U3 (Groundball, 3S, EV 75.0 MPH)
|
|
Batting: LHB Bob Skube
|
0-0: Ball 1-0: Swinging Strike 1-1: Ball 2-1: Ball 3-1: Base on Balls
|
|
Batting: RHB Pat Keedy
|
0-0: Called Strike 0-1: Foul Ball, location: 2F 0-2: Ball 1-2: Ball 2-2: Foul Ball, location: 2F 2-2: Ball 3-2: Ground out U3 (Groundball, 34S, EV 81.9 MPH)
|
| Top of the 8th over - 1 run, 1 hit, 1 error, 2 left on base; Buffalo 3 - Rochester 2 |
| BOTTOM OF THE 8TH |
|
Rochester Red Wings batting - Pitching for Buffalo Bisons : RHP Alex Escano
|
|
Batting: RHB Jerry Dybzinski
|
0-0: Ground out 6-3 (Groundball, 56S, EV 82.5 MPH)
|
|
Batting: RHB Marty G Barrett
|
0-0: Ball 1-0: Ball 2-0: Fly out, F4 (Popup, 34S, EV 85.6 MPH)
|
|
Batting: LHB Ed Amelung
|
0-0: Called Strike 0-1: DOUBLE (Line Drive, 5D, EV 99.4 MPH)
|
|
Batting: SHB Jordan Ayala
|
0-0: Ground out 5-3 (Groundball, 56, EV 96.3 MPH)
|
| Bottom of the 8th over - 0 runs, 1 hit, 0 errors, 1 left on base; Buffalo 3 - Rochester 2 |
| TOP OF THE 9TH |
|
Buffalo Bisons batting - Pitching for Rochester Red Wings : RHP Mike Moore
|
|
Batting: RHB Nicholas Kintz
|
0-0: Ball 1-0: Ball 2-0: Ground out 4-3 (Groundball, 4, EV 93.1 MPH)
|
|
Batting: RHB Carlos Matamoros
|
0-0: Ball 1-0: Called Strike 1-1: SINGLE (Groundball, 34D, EV 96.3 MPH)
|
|
Batting: LHB Phillip Baskerville
|
0-0: Ball Carlos Matamoros steals 2nd base 1-0: Ball 2-0: Called Strike 2-1: Foul Ball, location: 2F 2-2: Strikes out looking
|
|
Batting: SHB George D Wright
|
0-0: Ball 1-0: Fly out, F5 (Popup, 6S, EV 81.9 MPH)
|
| Top of the 9th over - 0 runs, 1 hit, 0 errors, 1 left on base; Buffalo 3 - Rochester 2 |
| BOTTOM OF THE 9TH |
|
Rochester Red Wings batting - Pitching for Buffalo Bisons : RHP Alex Escano
|
|
Pitching: RHP John Stuper
|
|
|
Batting: RHB Gerry Davis
|
0-0: Ball 1-0: Called Strike 1-1: Swinging Strike 1-2: Ball 2-2: Foul Ball, location: 2F 2-2: Foul Ball, location: 2F 2-2: Ground out 6-3 (Groundball, 6, EV 103.1 MPH)
|
|
Batting: RHB Pat Casey
|
0-0: Swinging Strike 0-1: SINGLE (Line Drive, 89M, EV 96.3 MPH)
|
|
Batting: RHB Chris Johnston
|
0-0: SINGLE (Line Drive, 9LM, EV 110.6 MPH) Pat Casey to second Runner from 2nd tries for 3rd, SAFE, no throw by RF
|
|
Batting: LHB Dave Falcone
|
0-0: Called Strike 0-1: Ball 1-1: Swinging Strike 1-2: Ball 2-2: Strikes out swinging
|
|
Batting: RHB Tom Brookens
|
0-0: Called Strike 0-1: Ball 1-1: Called Strike 1-2: Strikes out swinging
|
| Bottom of the 9th over - 0 runs, 2 hits, 0 errors, 2 left on base; Buffalo 3 - Rochester 2 |
|